 Dungeon Crawl Stone Soup version 0.25-a0-1002-gbcf8c60d55 (webtiles) character file.

Game seed: 5836117002877655807, levelgen mode: deterministic

263 DerDa the Magician (level 6, -6/36 HPs)
             Began as an Octopode Wizard on May 11, 2020.
             Killed by nerve-wracking pain
             ... invoked by an orc priest
              (8 damage)
             ... on level 4 of the Dungeon.
             The game lasted 00:10:58 (3543 turns).

DerDa the Magician (Octopode Wizard)                Turns: 3543, Time: 00:10:59

Health: -6/36      AC:  1    Str:  7    XL:     6   Next: 19%
Magic:  5/12       EV: 13    Int: 26    God:
Gold:   48         SH:  0    Dex: 10    Spells: 7/13 levels left

rFire    . . .     SeeInvis .   q - -3 quarterstaff (curse)
rCold    . . .     Gourm    .   (shield currently unavailable)
rNeg     . . .     Faith    .   a - +0 hat
rPois    .         Spirit   .   m - amulet of magic regeneration
rElec    .         Reflect  .   n - ring of attention (curse)
rCorr    .         Harm     .   t - +4 ring of intelligence
MR       .....                  (no ring)
Stlth    ++........             (no ring)
HPRegen  0.12/turn              (no ring)
MPRegen  0.38/turn              (no ring)
                                (no ring)
                                (no ring)

@: very slightly contaminated
A: almost no armour, stealthy swim, amphibious, 8 rings, constrict 8, camouflage
1, gelatinous body 1
a: no special abilities


You were on level 4 of the Dungeon.
You were not hungry.

You visited 1 branch of the dungeon, and saw 4 of its levels.

You collected 48 gold pieces.

Inventory:

Hand Weapons
 d - a +0 club
 l - a +0 whip
 q - a cursed -3 quarterstaff (weapon)
 s - a +4 spear of freezing
Missiles
 e - 134 stones
 f - 6 sling bullets
 r - 28 poisoned darts (quivered)
Armour
 a - a +0 hat (worn)
Jewellery
 m - an amulet of magic regeneration (around mantle)
 n - a cursed ring of attention (left tentacle)
 t - a +4 ring of intelligence (right tentacle)
Wands
 y - a wand of flame (8)
Scrolls
 j - a scroll of enchant armour
 k - 5 scrolls of teleportation
 v - a scroll of immolation {unknown}
 w - a scroll of enchant weapon {unknown}
 x - a scroll of noise {unknown}
Potions
 b - a potion of haste {unknown}
 g - a potion of flight {unknown}
 h - a potion of heal wounds {unknown}
 i - 2 potions of stabbing {unknown}
 o - a potion of berserk rage {unknown}
 p - a potion of lignification {unknown}
Comestibles
 c - 7 rations
 u - a chunk of flesh


   Skills:
 - Level 2.0 Dodging
 - Level 2.6 Stealth
 * Level 4.4 Spellcasting
 * Level 3.7 Conjurations
   Level 1.0 Summonings
 - Level 1.0 Translocations
 + Level 1.6 Air Magic
 + Level 2.2 Poison Magic


You had 7 spell levels left.
You knew the following spells:

 Your Spells              Type           Power        Failure   Level  Hunger
a - Magic Dart            Conj           ####         1%          1    None
b - Mephitic Cloud        Conj/Pois/Air  ###.....     9%          3    ##.....
q - Blink                 Tloc           N/A          9%          2    None

Your spell library contained the following spells:

 Spells                   Type           Power        Failure   Level  Hunger
 Call Imp                 Summ           ##......     9%          2    None
 Slow                     Hex            #.......     12%         2    None
 Conjure Flame            Conj/Fire      ###.....     12%         3    ##.....


Dungeon Overview and Level Annotations

Branches:
Dungeon (4/15)
 Temple: D:4-7

Altars:
Elyvilon
Wu Jian
The Shining One


Innate Abilities, Weirdness & Mutations

You cannot wear most types of armour.
You are very stealthy in the water. (Stealth+)
You are amphibious.
You can wear up to eight rings at the same time.
You can use your tentacles to constrict eight enemies at once.
Your skin changes colour to match your surroundings (Stealth+).
Your rubbery body absorbs attacks. (AC +1, EV +1)


Message History

The orc priest is moderately wounded.
The orc priest seems less confused.
The orc priest invokes the aid of Beogh against you.
Beogh smites you!
* * * LOW HITPOINT WARNING * * *
Casting: Mephitic Cloud (dangerous; 9% risk of failure)
Confirm with . or Enter, or press ? or * to list all spells.
Aiming: Mephitic Cloud (dangerous; 9% risk of failure)
Press: ? - help, Shift-Dir - straight line, f/p - orc priest
Aim: an orc priest, wielding a +1 war axe of electrocution (moderately wounded, very poisoned)
You miscast Mephitic Cloud.
Nothing appears to happen.
Casting: Mephitic Cloud (dangerous; 9% risk of failure)
Confirm with . or Enter, or press ? or * to list all spells.
Aiming: Mephitic Cloud (dangerous; 9% risk of failure)
Press: ? - help, Shift-Dir - straight line, f/p - orc priest
Aim: an orc priest, wielding a +1 war axe of electrocution (moderately wounded, very poisoned)
You miscast Mephitic Cloud.
Nothing appears to happen.
The orc priest mumbles some strange prayers to Beogh against you.
Pain shoots through your body!
You die...

###...### #...# ##.......##.
#..## #...# #l......##. #.##
#...# #.......##.
...######## #...#
#.##.##.##. #####......#
#...# #.##....... #.####.#
##.######.#.#.#.##.
#.####.####..........##..###
#.#........####.#....)(.(#
#.#.##.###.@.ol.(.#.(.#.##
#.#.##.# ######.###...(##
##..).รท.# #...........##
##.......# #.###......#.##
##........# #.# #####.###.#
#.........####.### ##.#.##
#.........##.....# #..##
#.........##>....# #.##
#.........##.....# #.#


You could see an orc priest (very poisoned) and a frilled lizard.

Vanquished Creatures
  A scorpion (D:4)
  A howler monkey (D:4)
  An orc wizard (D:4)
  5 adders
  An ooze (D:4)
  4 worms
  A dart slug (D:3)
  3 leopard geckos
  2 orcs
  A ball python (D:3)
  A giant cockroach (D:3)
  6 goblins
  6 hobgoblins
  7 jackals
  4 quokkas
  9 bats
  4 frilled lizards
  11 kobolds
  13 rats
81 creatures vanquished.

Notes
Turn   | Place    | Note
-------+----------+-------------------------------------------
     0 | D:1      | DerDa the Octopode Wizard began the quest for the Orb.
     0 | D:1      | Reached XP level 1. HP: 11/11 MP: 4/4
   223 | D:1      | Reached XP level 2. HP: 17/17 MP: 3/6
   648 | D:1      | Reached XP level 3. HP: 6/21 MP: 0/7
   874 | D:1      | Learned a level 3 spell: Mephitic Cloud
   877 | D:1      | Learned a level 2 spell: Blink
  2012 | D:3      | Found a glowing golden altar of the Shining One.
  2024 | D:3      | Reached XP level 4. HP: 25/27 MP: 1/9
  2340 | D:3      | Reached skill level 1 in Poison Magic
  2497 | D:3      | Found a faded altar of an unknown god.
  2599 | D:3      | Found an ornate altar of the Wu Jian Council.
  2813 | D:3      | Reached skill level 1 in Air Magic
  3103 | D:4      | Found a white marble altar of Elyvilon.
  3114 | D:4      | Reached skill level 4 in Spellcasting
  3114 | D:4      | Reached XP level 5. HP: 31/31 MP: 5/11
  3351 | D:4      | Reached XP level 6. HP: 36/36 MP: 8/12
  3543 | D:4      | Killed from afar by an orc priest

Illustrated notes

Levels and vault maps discovered:
D:1:      lightli_arrival_statue_moat, layout_rooms, minmay_pentomino_z4
D:2:      layout_basic, serial_rivers, chequers_serial_rivers_room_a,
          chequers_serial_rivers_micro_c, chequers_serial_rivers_marsh,
          chequers_serial_rivers_micro_e, chequers_serial_rivers_small_3,
          grunt_decor_one_mirror, minivault_19
D:3:      layout_basic, overflow_temple_1_default, old_standard_altar,
          first_ration, chequers_ecumenical_altar_twisty
D:4:      layout_loops_cross, elyvilon_altar_4

Skill      XL: |  1  2  3  4  5 |
---------------+----------------+-----
Conjurations   | 2 3 |  3.7
Poison Magic   | 1 2 |  2.2
Air Magic      | 1 |  1.6
Spellcasting   | 4 |  4.4
Dodging        | |  2.0
Stealth        | |  2.6
Summonings     | |  1.0
Translocations | |  1.0

Action                   |  1- 3 |  4- 6 || total
-------------------------+-------+-------++-------
Melee: Constrict         |     6 |       ||     6
       Unarmed           |     2 |       ||     2
       Tentacles         |     1 |       ||     1
       Whip              |    17 |       ||    17
       Club              |     3 |       ||     3
       Quarterstaff      |     3 |       ||     3
Throw: Dart              |       |    15 ||    15
 Cast: Magic Dart        |    97 |   107 ||   204
       Mephitic Cloud    |     1 |     2 ||     3
  Use: Scroll            |     2 |       ||     2
  Eat: Chunk             |     3 |     5 ||     8
Armor: Skin              |     3 |     1 ||     4
Dodge: Dodged            |    27 |    16 ||    43

Table legend:
 A = Non-vault XP
 B = Vault XP
 C = Vault XP percentage of total XP
 D = Non-vault monster count
 E = Vault monster count
 F = Vault count percentage of total count
                 A         B        C        D         E       F
            +---------+---------+-------+---------+---------+-------
      Total |     372 |       4 |   1.1 |      78 |       3 |   3.7
            +---------+---------+-------+---------+---------+-------
        D:1 |      32 |       4 |  11.1 |      22 |       3 |  12.0
        D:2 |      36 |       0 |   0.0 |      18 |       0 |   0.0
        D:3 |      89 |       0 |   0.0 |      28 |       0 |   0.0
        D:4 |     215 |       0 |   0.0 |      10 |       0 |   0.0
            +---------+---------+-------+---------+---------+-------
